 Dungeon Crawl Stone Soup version 0.29-a0-333-gb4c28e87c6 (webtiles) character file.

Game seed: 11188235275953666404

32 Jortsu the Skirmisher (level 3, 29/29 HPs)
             Began as a Demonspawn Fighter on Apr 13, 2022.
             Was a Follower of Kikubaaqudgha.
             Quit the game on level 2 of the Dungeon.
             The game lasted 00:01:15 (658 turns).

Jortsu the Skirmisher (Demonspawn Fighter)           Turns: 658, Time: 00:01:16

Health: 29/29      AC: 10    Str: 18    XL:     3   Next: 8%
Magic:  3/3        EV:  9    Int:  9    God:    Kikubaaqudgha [*.....]
Gold:   32         SH:  4    Dex: 12    Spells: 2/2 levels left

rFire   . . .      SeeInvis .   a - +0 war axe
rCold   . . .      Faith    .   c - +0 buckler
rNeg    . . .      Spirit   .   b - +0 scale mail
rPois   .          Reflect  .   (no helmet)
rElec   .          Harm     .   (no cloak)
rCorr   .          Rampage  .   (no gloves)
Will    .....                   (no boots)
Stlth   ..........              (no amulet)
HPRegen 0.09/turn               e - +4 ring of protection
MPRegen 0.08/turn               (no ring)

@: no status effects
A: weakness stinger 2
a: Renounce Religion, Receive Corpses


You were on level 2 of the Dungeon.
You worshipped Kikubaaqudgha.
Kikubaaqudgha was aware of your devotion.
You visited 1 branch of the dungeon, and saw 2 of its levels.

You collected 32 gold pieces.

Inventory:

Hand Weapons
 a - a +0 war axe (weapon)
Armour
 b - a +0 scale mail (worn)
 c - a +0 buckler (worn)
Jewellery
 e - a +4 ring of protection (left hand)
Scrolls
 f - 2 scrolls of teleportation {unknown}
Potions
 d - a potion of might


   Skills:
 + Level 3.4 Fighting
 + Level 2.0 Axes
 + Level 3.1 Armour
 + Level 3.0 Shields


You had 2 spell levels left.
You didn't know any spells.
Your spell library contained the following spells:

 Spells                   Type           Power      Damage    Failure   Level
 Animate Skeleton         Necr           0%         N/A       86%         1
 Pain                     Necr           0%         1d4       86%         1
 Corpse Rot               Necr/Air       0%         N/A       94%         2
 Sublimation of Blood     Necr           0%         N/A       94%         2
 Summon Forest            Summ/Tloc      0%         N/A       100%        5
 Summon Mana Viper        Hex/Summ       0%         N/A       100%        5
 Summon Cactus Giant      Summ           0%         N/A       100%        6


Dungeon Overview and Level Annotations

Branches:
Dungeon (1/15)

Altars:
Kikubaaqudgha

Annotations:
D:1 2 transporters


Innate Abilities, Weirdness & Mutations

You have a tail ending in a sharp stinger.


Message History

The bat barely misses you. The bat hits you but does no damage.
The bat barely misses you. The bat closely misses you.
There is an open door here.
You see here a bat corpse.
The bat closely misses you. The bat hits you but does no damage. x2
The bat attacks as you move away! You block the bat's attack.
The bat hits you but does no damage.
You closely miss the bat. The bat hits you but does no damage.
The bat closely misses you. The bat misses you.
You hit the bat.
You kill the bat!
There is an open door here.
You see here a bat corpse.
You open the door.
There is an open door here.
A sourceless malevolence fills the Dungeon...
You fall into a shaft and drop 1 floor!
The shaft crumbles and collapses.
A spectral kobold comes into view.
Found a faded altar of an unknown god.
You enter the shallow water.
Moving in this stuff is going to be slow.
You slash the spectral kobold!
You destroy the spectral kobold!
A jackal comes into view.
The jackal barks!
The jackal moves out of view.
A jackal comes into view.
There is a faded altar of an unknown god here.
You cannot tell which god this altar belongs to.
Convert to them anyway?
Kikubaaqudgha accepts your prayer! Kikubaaqudgha welcomes you!
You can now receive cadavers from Kikubaaqudgha.
Kikubaaqudgha grants you a gift!
You add the spells Animate Skeleton, Pain, Corpse Rot and Sublimation of Blood to your library.
A jackal comes into view.
Are you sure you want to abandon this character and quit the game? (Confirm with "yes".)

≈≈ #≈##
## .
#8.≈ .#h
..####.h
#≈≈.≈≈#
#≈..≈≈#
#.≈.≈≈+
#@...≈+
#≈≈.≈≈+
#...≈.#
#≈≈.≈##
#.≈#≈≈#
#8≈#≈.≈
####≈...
≈..###
....#


You could see 2 jackals.

Vanquished Creatures
  2 ball pythons (D:1)
  2 bats (D:1)
  3 endoplasms (D:1)
  5 goblins (D:1)
  2 hobgoblins (D:1)
  7 kobolds (D:1)
  2 quokkas (D:1)
  2 frilled lizards (D:1)
  A rat (D:1)
  A spectral kobold (D:2)
27 creatures vanquished.

Notes
Turn   | Place    | Note
-------+----------+-------------------------------------------
     0 | D:1      | Jortsu the Demonspawn Fighter began the quest for the Orb.
     0 | D:1      | Reached XP level 1. HP: 18/18 MP: 1/1
   190 | D:1      | Gained mutation: You have a small tail. [demonic ancestry]
   190 | D:1      | Reached XP level 2. HP: 24/24 MP: 2/2
   503 | D:1      | Gained mutation: You have a tail ending in a sharp stinger.
                  | [demonic ancestry]
   503 | D:1      | Reached XP level 3. HP: 16/29 MP: 3/3
   651 | D:1      | You fall into a shaft and drop 1 floor!
   651 | D:2      | Found a faded altar of an unknown god.
   657 | D:2      | Prayed at the altar of an unknown god.
   657 | D:2      | Became a worshipper of Kikubaaqudgha
   657 | D:2      | Reached * piety under Kikubaaqudgha
   657 | D:2      | Received a gift from Kikubaaqudgha
   658 | D:2      | Quit the game

Illustrated notes

Levels and vault maps discovered:
D:1:      spicycebolla_arrival_teleporter_tutorial, layout_basic
D:2:      minmay_general_purpose_star, layout_basic,
          dreamdust_ecumenical_altar_drowned_temple, uniq_robin

Skill      XL: |  1  2  3 |
---------------+----------+-----
Axes           | 2 |  2.0
Armour         | 3 |  3.1
Shields        | 3 |  3.0
Fighting       | |  3.4

Action                   || total
-------------------------++-------
Melee: War axe           ||    61
       Tailslap          ||     4
Armor: Scale mail        ||    47
Dodge: Dodged            ||    36
Block: Buckler           ||    16

Table legend: (Time is in decaauts)
 A = Elapsed time spent in this place.
 B = Non-inter-level travel time spent in this place.
 C = Inter-level travel time spent in this place.
 D = Time resting spent in this place.
 E = Time spent auto-exploring this place.
 F = Levels seen in this place.
 G = Mean time per level.
                   A        B        C        D        E       F      G
               +--------+--------+--------+--------+--------+-----+--------+
         Total |    685 |    685 |      0 |     90 |    405 |   2 |  342.5 |
       Dungeon |    685 |    685 |      0 |     90 |    405 |   2 |  342.5 |
               +--------+--------+--------+--------+--------+-----+--------+

Top non-repeatable levels by time:
     D:1: 677 daAuts
     D:2: 7 daAuts
